 Dungeon Crawl Stone Soup version 0.27.1-34-g3ba077fa99 (webtiles) character file.

Game seed: 6816582637093155219

14 Karpo the Sneak (level 2, -2/13 HPs)
             Began as a Spriggan Enchanter on Jan 27, 2022.
             Succumbed to a kobold's poison
             ... on level 2 of the Dungeon.
             The game lasted 00:01:37 (1440 turns).

Karpo the Sneak (Spriggan Enchanter)                Turns: 1440, Time: 00:01:37

Health: -2/13      AC:  2    Str:  4    XL:     2   Next: 31%
Magic:  4/6        EV: 17    Int: 16    God:
Gold:   93         SH:  0    Dex: 15    Spells: 3/6 levels left

rFire    . . .     SeeInvis +   a - +1 dagger
rCold    . . .     Faith    .   (shield restricted)
rNeg     . . .     Spirit   .   b - +0 robe
rPois    .         Reflect  .   (helmet restricted)
rElec    .         Harm     .   (no cloak)
rCorr    .         Rampage  .   (gloves unavailable)
Will     .....                  (boots unavailable)
Stlth    +++.......             (no amulet)
HPRegen  0.04/turn              (no ring)
MPRegen  0.10/turn              (no ring)

@: lethally poisoned (-2 -> -13), hasted, very quick
A: very small, no large weapons, unfitting armour, see invisible, speed 3
a: no special abilities


You were on level 2 of the Dungeon.
You visited 1 branch of the dungeon, and saw 2 of its levels.

You collected 93 gold pieces.

Inventory:

Hand Weapons
 a - a +1 dagger (weapon)
 f - a +0 rapier
Armour
 b - a +0 robe (worn)
Potions
 c - a potion of heal wounds {unknown}
 d - a potion of might {unknown}
 e - a potion of haste


   Skills:
 + Level 2.0 Short Blades
 - Level 2.6 Dodging
 + Level 5.1 Stealth
 - Level 2.6 Spellcasting
 - Level 3.6 Hexes


You had 3 spell levels left.
You knew the following spells:

 Your Spells              Type           Power      Damage    Failure   Level
a - Corona                Hex            14%        N/A       4%          1
b - Ensorcelled Hibernat  Hex/Ice        14%        N/A       14%         2

Your spell library contained the following spells:

 Spells                   Type           Power      Damage    Failure   Level
 Confusing Touch          Hex            13%        N/A       13%         3
 Tukima's Dance           Hex            13%        N/A       13%         3
 Dazzling Flash           Conj/Hex       14%        N/A       28%         3


Dungeon Overview and Level Annotations

Branches:
Dungeon (2/15)

Altars:

Annotations:
D:2 Natasha


Innate Abilities, Weirdness & Mutations

You are very small and have problems with some larger weapons.
You are too small for most types of armour.
You have supernaturally acute eyesight. (SInv)
You cover ground extremely quickly. (Speed+++)


Message History

You hit the endoplasm.
The endoplasm is lightly wounded.
You hit the endoplasm but do no damage.
The endoplasm is lightly wounded.
The endoplasm barely misses you.
You hit the endoplasm.
The endoplasm is moderately wounded.
The endoplasm freezes you.
You are frozen.
You hit the endoplasm.
The endoplasm is almost dead.
The endoplasm hits you but does no damage.
You hit the endoplasm.
You kill the endoplasm!
You start resting.
HP restored.
You see here 12 stones.
You see here a +0 robe.
A kobold comes into view. It is wielding a +2 dagger of venom.
You closely miss the kobold.
The kobold hits you with a +2 dagger of venom.
You are lethally poisoned!
You hit the kobold.
The kobold is moderately wounded.
You feel very sick.
The kobold hits you with a +2 dagger of venom.
You barely miss the kobold.
The kobold is moderately wounded.
* * * LOW HITPOINT WARNING * * *
You feel sick. The kobold barely misses you.
Cast which spell? (? or * to list)
Aiming: Ensorcelled Hibernation (safe; 14% risk of failure)
Press: ? - help, Shift-Dir - straight line, f - kobold
Aim: a kobold, wielding a +2 dagger of venom (moderately wounded, chance to affect: 56%)
The kobold resists with significant effort.
* * * LOW HITPOINT WARNING * * *
You feel sick. The kobold hits you but does no damage.
You are more poisoned.
It was a potion of haste.
You feel yourself speed up.
You die...

.. .. #.##.# ..#.#
##.#.. ....#
##########..#
#K..........#######
#.@.........<......
#..........>#.#####
#...........#.#....
#####.###...#.#.#..
#.# #.#.#...... #.#
#.#.#...... #.#
#.#.######. #.#
#.#.#...... #.#
#.#.#.###.#


You could see a kobold.

Vanquished Creatures
  A ball python (D:1)
  3 endoplasms
  4 hobgoblins (D:1)
  A quokka (D:1)
  A bat (D:1)
  A frilled lizard (D:1)
  A rat (D:1)
12 creatures vanquished.

Notes
Turn   | Place    | Note
-------+----------+-------------------------------------------
     0 | D:1      | Karpo the Spriggan Enchanter began the quest for the Orb.
     0 | D:1      | Reached XP level 1. HP: 9/9 MP: 5/5
   290 | D:1      | Reached XP level 2. HP: 13/13 MP: 6/6
   293 | D:1      | Learned a level 2 spell: Ensorcelled Hibernation
   371 | D:1      | Found a faded altar of an unknown god.
   377 | D:1      | Reached skill level 5 in Stealth
  1155 | D:2      | Noticed Natasha
  1440 | D:2      | Succumbed to a kobold's poison

Illustrated notes

Levels and vault maps discovered:
D:1:      dpeg_arrival_ternary, layout_loops_ring,
          hellmonk_ecumenical_altar_slurped_away, minmay_misc_feat_ornament,
          minmay_parallelograms
D:2:      layout_basic, uniq_natasha

Skill      XL: |  1  2 |
---------------+-------+-----
Stealth        | 5 |  5.1
Short Blades   | 2 |  2.0
Dodging        | |  2.6
Spellcasting   | |  2.6
Hexes          | |  3.6

Action                   || total
-------------------------++-------
Melee: Dagger            ||    51
 Cast: Ensorcelled Hiber ||     1
  Use: Potion            ||     1
 Stab: Sleeping          ||     5
Armor: Robe              ||     6
Dodge: Dodged            ||    32
